 Dungeon Crawl Stone Soup version 0.19.1-1-g22dce08 (webtiles) character file.

95 mopl the Skirmisher (level 4, -1/45 HPs)
             Began as an Ogre Arcane Marksman on Jan 6, 2017.
             Slain by an iguana (15 damage)
             ... on level 4 of the Dungeon.
             The game lasted 00:03:00 (2404 turns).

mopl the Skirmisher (Ogre Arcane Marksman)          Turns: 2404, Time: 00:03:01

Health: -1/45      AC:  5    Str: 16    XL:     4   Next: 65%
Magic:  5/5        EV: 10    Int: 12    God:
Gold:   80         SH:  0    Dex: 10    Spells: 3 memorised, 0 levels left

rFire  . . .     SeeInvis .     y - +0 flail
rCold  . . .     Gourm    .     a - +0 robe
rNeg   . . .     Faith    .     (no shield)
rPois  .         Spirit   .     (helmet restricted)
rElec  .         Reflect  .     t - +1 cloak
rCorr  .         Harm     .     (gloves unavailable)
MR     .....                    (boots unavailable)
Stlth  ++........               (no amulet)
                                (no ring)
                                n - ring of stealth

@: no status effects
A: unfitting armour, tough skin 1
a: no special abilities


You were on level 4 of the Dungeon.
You were not hungry.

You visited 1 branch of the dungeon, and saw 4 of its levels.

You collected 80 gold pieces.

Inventory:

Hand Weapons
 e - a +0 club
 h - a +1 dagger of speed
 m - a +0 whip
 y - a +0 flail (weapon)
Missiles
 c - 4 large rocks (quivered)
 d - 2 throwing nets
 j - 72 stones
Armour
 a - a +0 robe (worn)
 t - a +1 cloak (worn)
 u - a +0 large shield
Jewellery
 n - a ring of stealth (left hand)
Scrolls
 g - 2 scrolls of enchant armour {unknown}
 i - a scroll of enchant weapon {unknown}
 l - a scroll of noise {unknown}
 o - a scroll of blinking {unknown}
 r - a scroll of remove curse {unknown}
 w - a scroll of teleportation {unknown}
 x - a scroll of random uselessness {unknown}
 z - a scroll of identify {unknown}
Potions
 p - a potion of flight {unknown}
 q - a potion of brilliance {unknown}
 v - a potion of might {unknown}
Books
 b - a book of Debilitation

   Spells                             Type                      Level
   a - Corona                         Hexes                        1
   b - Slow                           Hexes                        2
   c - Gell's Gravitas                Hexes/Translocation          3
   d - Inner Flame                    Hexes/Fire                   3
   e - Cause Fear                     Hexes                        4
   f - Leda's Liquefaction            Hexes/Earth                  4
 s - a book of Minor Magic

   Spells                             Type                      Level
   a - Magic Dart                     Conjuration                  1
   b - Blink                          Translocation                2
   c - Call Imp                       Summoning                    2
   d - Repel Missiles                 Charms/Air                   2
   e - Slow                           Hexes                        2
   f - Conjure Flame                  Conjuration/Fire             3
   g - Mephitic Cloud                 Conjuration/Poison/Air       3
Comestibles
 f - 2 bread rations
 k - 2 meat rations


   Skills:
 + Level 3.5 Fighting
 * Level 3.2 Maces & Flails
 + Level 2.8 Throwing
 - Level 1.7 Dodging
 - Level 1.2 Spellcasting
 - Level 2.1 Hexes


You couldn't memorise any spells.
You knew the following spells:

 Your Spells              Type           Power        Failure   Level  Hunger
a - Corona                Hex            #......      14%         1    ##.....
e - Blink                 Tloc           N/A          52%         2    ###....
i - Repel Missiles        Chrm/Air       #.....       52%         2    ###....


Dungeon Overview and Level Annotations

Branches:
Dungeon (4/15)
 Temple: D:4-7

Altars:
Fedhas
Kikubaaqudgha

Annotations:
D:3 Atash's ghost, amateur MiBe


Innate Abilities, Weirdness & Mutations

You are too large for most types of armour.
You have tough skin. (AC +1)


Message History

The iguana is almost dead.
The iguana bites you. x2
You are too injured to fight recklessly!
You are too injured to fight recklessly!
You are too injured to fight recklessly!
You are too injured to fight recklessly!
You barely miss the iguana.
The iguana is almost dead.
The iguana bites you.
* * * LOW HITPOINT WARNING * * *
You barely miss the iguana.
The iguana is almost dead.
The iguana barely misses you.
You barely miss the iguana.
The iguana is almost dead.
The iguana barely misses you.
You hit the iguana but do no damage.
The iguana is almost dead.
The iguana barely misses you. The iguana bites you!
You die...

####.####.# #.# ##.#..
#.........###.####.#.. .
#......##.............
#.#.#..#..#.###.........
#...#..#...# ######.###
....#.....#### #.#
#..#.......# #.#
...#..#....#.# #.#
#....#@...#...# #.#
#..#.l#...##.## #.#
##..#..#.## .# #.# #.
.#...# .# #.# # #..#..#
.# .# .. .#


You could see an iguana.

Vanquished Creatures
  5 adders
  An ooze (D:3)
  A worm (D:2)
  4 dart slugs (D:1)
  A leopard gecko (D:1)
  A giant cockroach (D:1)
  2 goblins (D:1)
  5 hobgoblins
  2 jackals (D:2)
  3 kobolds
  2 quokkas
  4 bats
  3 frilled lizards
  2 rats
36 creatures vanquished.

Notes
Turn   | Place    | Note
-------+----------+-------------------------------------------
     0 | D:1      | mopl the Ogre Arcane Marksman began the quest for the Orb.
     0 | D:1      | Reached XP level 1. HP: 19/19 MP: 2/2
   344 | D:1      | Reached skill level 2 in Fighting
   374 | D:1      | Reached XP level 2. HP: 28/28 MP: 3/3
   477 | D:1      | Reached skill level 1 in Maces & Flails
   899 | D:1      | Reached XP level 3. HP: 33/36 MP: 4/4
   977 | D:2      | Reached skill level 2 in Maces & Flails
  1069 | D:2      | Reached skill level 3 in Fighting
  1412 | D:2      | Learned a level 2 spell: Blink
  1639 | D:2      | Reached XP level 4. HP: 45/45 MP: 5/5
  1669 | D:2      | Learned a level 2 spell: Repel Missiles
  1737 | D:2      | Reached skill level 3 in Maces & Flails
  1835 | D:3      | Noticed Atash's ghost (amateur MiBe)
  2259 | D:3      | Found a blossoming altar of Fedhas.
  2259 | D:3      | Found an ancient bone altar of Kikubaaqudgha.
  2404 | D:4      | Slain by an iguana

Skill      XL: |  1  2  3  4 |
---------------+-------------+-----
Fighting       | 2 3 |  3.5
Maces & Flails | 1 2 3 |  3.2
Throwing       | |  2.8
Dodging        | |  1.7
Spellcasting   | |  1.2
Hexes          | |  2.1

Action                   |  1- 3 |  4- 6 || total
-------------------------+-------+-------++-------
Melee: Unarmed           |    20 |       ||    20
       Dagger            |   120 |    41 ||   161
       Flail             |       |    16 ||    16
 Stab: Sleeping          |     2 |     4 ||     6
  Eat: Chunk             |     1 |     4 ||     5
Armor: Robe              |    32 |    15 ||    47
Dodge: Dodged            |    44 |    24 ||    68
